 Dungeon Crawl Stone Soup version bcrawl-1.37.1 (webtiles) character file.

Game seed: 8288038945062954265

170821 Finster the Sneak (level 6, -1/47 HPs)
             Began as a Gnoll Archaeologist on Oct 15, 2022.
             Slain by a slave (5 damage)
             ... led by Pikel
             ... on level 3 of the Dungeon.
             The game lasted 00:09:45 (3290 turns).

Finster the Sneak (Gnoll Archaeologist)             Turns: 3290, Time: 00:09:46

Health: -1/47      AC: 11    Str: 15    XL:     6   Next: 53%
Magic:  9/9        EV:  9    Int: 19    God:
Gold:   118        SH:  0    Dex: 17    Spells: 9/9 levels left

rFire    . . .     GDR:     30% h - +5 great mace of Drought {protect, MR+ Int+3 Dex+3}
rCold    + . .     SeeInvis .   (shield currently unavailable)
rNeg     . . .     Gourm    .   s - +0 chain mail
rPois    .         Faith    .   d - +1 hat
rElec    .         Spirit   .   (no cloak)
rCorr    .         Reflect  .   (no gloves)
MR       +....                  q - +1 pair of boots
Stlth    +.........             (no amulet)
HPRegen  0.17/turn              n - ring of protection from cold
MPRegen  0.11/turn              (no ring)

@: no status effects
A: distributed training, fangs 1, strong nose
a: no special abilities


You were on level 3 of the Dungeon.
You were not hungry.

You visited 1 branch of the dungeon, and saw 4 of its levels.

You collected 118 gold pieces.

Inventory:

Hand Weapons
 a - a +0 whip
 b - a +0 blowgun
 h - the +5 great mace of Drought (weapon) {protect, MR+ Int+3 Dex+3}
   (You acquired it on level 3 of the Dungeon)

   It grants its wielder temporary protection when it strikes (+7 to AC).
   It affects your intelligence (+3).
   It affects your dexterity (+3).
   It affects your resistance to hostile enchantments.
 y - a +0 flail of holy wrath
Missiles
 f - 4 curare-tipped needles (quivered)
 i - 331 sling bullets
 u - 96 poisoned needles
 x - a throwing net {=f}
Armour
 c - a +1 robe
 d - a +1 hat (worn)
 q - a +1 pair of boots (worn)
 s - a +0 chain mail (worn)
Jewellery
 n - a ring of protection from cold (left hand)
Scrolls
 g - a scroll of magic mapping
 l - 3 scrolls of remove curse {unknown}
 m - 2 scrolls of amnesia {unknown}
 t - a scroll of teleportation {unknown}
 v - a scroll of noise {unknown}
 w - a scroll of fog {unknown}
 z - a scroll of enchant armour {unknown}
Potions
 j - 2 potions of agility
 k - a potion of invisibility {unknown}
 o - a potion of lignification {unknown}
 p - 4 potions of curing
 r - 2 potions of heal wounds
 A - a potion of flight {unknown}
Comestibles
 e - 9 rations {!d}


   Skills:
 + Level 3.2 Fighting
 + Level 2.0 Short Blades
 + Level 2.0 Long Blades
 + Level 2.0 Axes
 + Level 3.2 Maces & Flails
 + Level 2.0 Polearms
 + Level 2.0 Staves
 + Level 2.0 Slings
 + Level 2.0 Bows
 + Level 2.0 Crossbows
 + Level 2.0 Throwing
 + Level 2.0 Armour
 + Level 6.8 Dodging
 + Level 6.8 Stealth
 + Level 2.0 Shields
 + Level 2.0 Unarmed Combat
 + Level 2.0 Spellcasting
 + Level 1.5 Conjurations
 + Level 1.5 Hexes
 + Level 1.5 Charms
 + Level 1.5 Summonings
 + Level 1.5 Necromancy
 + Level 1.5 Translocations
 + Level 1.5 Transmutations
 + Level 1.5 Fire Magic
 + Level 1.5 Ice Magic
 + Level 1.5 Air Magic
 + Level 1.5 Earth Magic
 + Level 1.5 Poison Magic
 + Level 2.1 Invocations
 + Level 2.0 Evocations


You had 9 spell levels left.
You didn't know any spells.
Your spell library contained the following spells:

 Spells                   Type           Power        Failure   Level  Hunger
 Apportation              Tloc           #.....       89%         1    None
 Corona                   Hex            #......      89%         1    None
 Infusion                 Chrm           #.......     89%         1    None
 Sandblast                Erth           #.....       89%         1    None
 Slow                     Hex            #.......     89%         1    None
 Summon Butterflies       Summ           #.......     89%         1    None


Dungeon Overview and Level Annotations

Branches:
Dungeon (4/12)
 Temple: D:4-7

Altars:
Dithmenos

Annotations:
D:4 Pikel


Innate Abilities, Weirdness & Mutations

Your experience applies equally to all skills.
You have very sharp teeth.
Your uncanny sense of smell can sniff out nearby items.


Message History

You closely miss the slave. The slave barely misses you. The slave hits you!
The slave hits you but does no damage. The slave closely misses you.
You bludgeon the slave!!
Your weapon exudes an aura of protection.
The slave is almost dead.
The slave hits you!
* * * LOW HITPOINT WARNING * * *
The slave barely misses you. The slave hits you but does no damage.
The slave barely misses you. The slave hits you.
* * * LOW HITPOINT WARNING * * *
The slave barely misses you. The slave hits you but does no damage.
You see here a frilled lizard skeleton.
You closely miss the slave.
The slave is almost dead.
The slave hits you!
* * * LOW HITPOINT WARNING * * *
The slave hits you.
You die...

####### ### #....># ..##
########.....# โ‰ˆ..#
#....@pp.....# โ‰ˆ..#
#.######.....# ...# #.#
#.....# โ‰ˆ..# #.#
###.### .P.# #.# #.#
#..#########.# #.#
##.รท.........########.#
.....####.###.......#.#
###### #.# #.#####.#.#


You could see 2 slaves.

Vanquished Creatures
  An orc priest (D:3)
  2 orc wizards (D:3)
  Jessica (D:2)
  Terence (D:3)
  2 hound skeletons (D:3)
  A worker ant zombie (D:3)
  3 adders (D:3)
  An ooze (D:1)
  An adder skeleton (D:3)
  8 worms
  A dart slug (D:3)
  7 leopard geckos
  7 orcs (D:3)
  3 ball pythons
  8 bats
  7 giant cockroaches
  7 goblins
  7 hobgoblins
  A jackal (D:1)
  A quokka (D:2)
  6 frilled lizards
  9 kobolds
  A quokka zombie (D:3)
  7 rats
  A withered plant (D:3)
94 creatures vanquished.

Vanquished Creatures (others)
  A withered plant (D:3)
1 creature vanquished.

Grand Total: 95 creatures vanquished

Notes
Turn   | Place    | Note
-------+----------+-------------------------------------------
     0 | D:1      | Finster the Gnoll Archaeologist began the quest for the
                  | Orb.
     0 | D:1      | Reached XP level 1. HP: 17/17 MP: 1/1
    79 | D:1      | Reached XP level 2. HP: 22/23 MP: 2/2
   330 | D:1      | Reached XP level 3. HP: 28/28 MP: 3/3
   607 | D:1      | Reached skill level 1 in Invocations
  1003 | D:2      | Reached skill level 1 in Short Blades
  1003 | D:2      | Reached skill level 1 in Long Blades
  1003 | D:2      | Reached skill level 1 in Axes
  1003 | D:2      | Reached skill level 1 in Polearms
  1003 | D:2      | Reached skill level 1 in Staves
  1003 | D:2      | Reached skill level 1 in Slings
  1003 | D:2      | Reached skill level 1 in Bows
  1003 | D:2      | Reached skill level 1 in Crossbows
  1003 | D:2      | Reached skill level 1 in Throwing
  1003 | D:2      | Reached skill level 1 in Armour
  1003 | D:2      | Reached skill level 1 in Shields
  1003 | D:2      | Reached skill level 1 in Unarmed Combat
  1003 | D:2      | Reached skill level 1 in Spellcasting
  1003 | D:2      | Reached skill level 1 in Evocations
  1121 | D:2      | Noticed Jessica
  1133 | D:2      | Killed Jessica
  1134 | D:2      | Reached XP level 4. HP: 17/34 MP: 5/5
  1396 | D:2      | Reached skill level 1 in Conjurations
  1396 | D:2      | Reached skill level 1 in Hexes
  1396 | D:2      | Reached skill level 1 in Charms
  1396 | D:2      | Reached skill level 1 in Summonings
  1396 | D:2      | Reached skill level 1 in Necromancy
  1396 | D:2      | Reached skill level 1 in Translocations
  1396 | D:2      | Reached skill level 1 in Transmutations
  1396 | D:2      | Reached skill level 1 in Fire Magic
  1396 | D:2      | Reached skill level 1 in Ice Magic
  1396 | D:2      | Reached skill level 1 in Air Magic
  1396 | D:2      | Reached skill level 1 in Earth Magic
  1396 | D:2      | Reached skill level 1 in Poison Magic
  2163 | D:3      | Reached XP level 5. HP: 40/40 MP: 6/6
  2163 | D:3      | Identified a scroll of acquirement
  2656 | D:3      | Reached XP level 6. HP: 27/47 MP: 8/8
  2665 | D:3      | Identified the +5 great mace of Drought {protect, MR+ Int+3
                  | Dex+3} (You acquired it on level 3 of the Dungeon)
  2798 | D:3      | Found a shadowy altar of Dithmenos.
  2808 | D:3      | Noticed Terence
  2812 | D:3      | Killed Terence
  3276 | D:4      | Noticed Pikel
  3276 | D:4      | Noticed a slave
  3276 | D:4      | Noticed a slave
  3276 | D:4      | Noticed a slave
  3276 | D:4      | Noticed a slave
  3290 | D:3      | Slain by a slave

Skill      XL: |  1  2  3  4  5  6 |
---------------+-------------------+-----
Invocations    | 1 2 |  2.1
Short Blades   | 1 2 |  2.0
Long Blades    | 1 2 |  2.0
Axes           | 1 2 |  2.0
Polearms       | 1 2 |  2.0
Staves         | 1 2 |  2.0
Slings         | 1 2 |  2.0
Bows           | 1 2 |  2.0
Crossbows      | 1 2 |  2.0
Throwing       | 1 2 |  2.0
Armour         | 1 2 |  2.0
Shields        | 1 2 |  2.0
Unarmed Combat | 1 2 |  2.0
Spellcasting   | 1 2 |  2.0
Evocations     | 1 2 |  2.0
Conjurations   | 1 |  1.5
Hexes          | 1 |  1.5
Charms         | 1 |  1.5
Summonings     | 1 |  1.5
Necromancy     | 1 |  1.5
Translocations | 1 |  1.5
Transmutations | 1 |  1.5
Fire Magic     | 1 |  1.5
Ice Magic      | 1 |  1.5
Air Magic      | 1 |  1.5
Earth Magic    | 1 |  1.5
Poison Magic   | 1 |  1.5
Fighting       | 3 |  3.2
Maces & Flails | 3 |  3.2
Dodging        | |  6.8
Stealth        | |  6.8

Action                   |  1- 3 |  4- 6 || total
-------------------------+-------+-------++-------
Melee: Whip              |   164 |   240 ||   404
       Bite              |    15 |    42 ||    57
       Punch             |     1 |     1 ||     2
       Great mace        |       |    46 ||    46
  Use: Scroll            |     1 |     3 ||     4
 Stab: Sleeping          |     6 |       ||     6
  Eat: Chunk             |     5 |    16 ||    21
Armor: Robe              |    12 |       ||    12
       Chain mail        |    58 |   176 ||   234
Dodge: Dodged            |    87 |   125 ||   212
